Map: Blackburn LE

Players

TeebuL

  • Race: Protoss Protoss

Seither - Winner!

  • Race: Terran Terran

Event: DreamHack SC2 Masters 2021 Fall

VOD

Have the link to the VOD?

Description

Time

  • Played on: July 31, 2021, 4:30 a.m.
  • Length: 9:58

All games in this series

Show
View Real Time Build Order
Export as new Build Order

TeebuL Protoss 

Build Orders: Blink Stalkers, Chargelot Immortal 

Get SALT Encoding   

  12  0:00  Probe  
  13  0:12  Probe  
  14  0:18  Pylon  
  14  0:24  Probe (Chrono Boost)  
  15  0:36  Gateway  
  15  0:38  Probe (Chrono Boost)  
  16  0:43  Probe (Chrono Boost)  
  16  0:48  Assimilator  
  17  0:53  Probe  
  18  1:05  Probe  
  19  1:17  Probe  
  20  1:25  Cybernetics Core  
  20  1:30  Probe  
  21  1:36  Pylon  
  21  1:48  Probe  
  22  1:57  Nexus  
  22  1:59  Stalker (Chrono Boost)  
  22  2:01  Probe  
  25  2:06  Assimilator  
  25  2:13  Probe  
  24  2:25  Probe (Chrono Boost)  
  25  2:31  Twilight Council  
  25  2:36  Probe (Chrono Boost)  
  26  2:38  Warp Gate  
  26  2:41  Probe (Chrono Boost)  
  27  2:51  Probe  
  27  2:56  Adept  
  30  3:06  Probe (Chrono Boost)  
  30  3:09  Probe (Chrono Boost)  
  30  3:11  Pylon  
  31  3:14  Blink  
  31  3:17  Probe (Chrono Boost)  
  31  3:19  Probe (Chrono Boost)  
  32  3:25  Probe (Chrono Boost)  
  32  3:27  Probe (Chrono Boost)  
  34  3:30  Probe (Chrono Boost)  
  34  3:33  Gateway  
  35  3:35  Probe  
  36  3:42  Probe  
  35  3:54  Probe  
  34  3:55  Probe  
  35  4:06  Robotics Facility, Probe (Chrono Boost)  
  35  4:08  Probe (Chrono Boost)  
  37  4:18  Probe (Chrono Boost)  
  37  4:20  Probe (Chrono Boost)  
  37  4:21  Pylon  
  39  4:25  Probe (Chrono Boost)  
  39  4:26  Probe (Chrono Boost)  
  34  4:31  Stalker x2  
  34  4:32  Probe  
  40  4:40  Shield Battery  
  39  4:52  Pylon, Gateway  
  39  4:54  Probe  
  39  4:55  Probe  
  45  5:06  Probe  
  45  5:07  Probe  
  43  5:11  Nexus  
  43  5:12  Stalker  
  45  5:14  Observer  
  45  5:19  Probe x2 (Chrono Boost)  
  46  5:29  Pylon  
  46  5:31  Probe x2 (Chrono Boost)  
  46  5:32  Stalker  
  50  5:36  Probe (Chrono Boost)  
  50  5:37  Probe (Chrono Boost)  
  50  5:45  Probe x2  
  52  5:50  Charge (Chrono Boost)  
  52  5:57  Probe x2  
  52  5:59  Immortal (Chrono Boost)  
  52  6:00  Sentry  
  52  6:01  Sentry  
  62  6:10  Probe  
  62  6:11  Probe  
  64  6:17  Phoenix  
  64  6:20  Gateway x2  
  64  6:22  Gateway  
  64  6:23  Probe  
  64  6:24  Probe  
  64  6:25  Probe  
  67  6:35  Probe, Immortal (Chrono Boost)  
  67  6:37  Sentry  
  67  6:38  Zealot  
  76  6:41  Zealot  
  78  6:49  Pylon  
  78  6:50  Pylon  
  78  6:51  Pylon, Probe  
  78  6:52  Probe  
  78  6:54  Probe  
  81  7:02  Zealot, Stalker  
  81  7:07  Probe  
  86  7:21  Zealot x4  
  92  7:27  Zealot x2  
  84  7:43  Zealot x4  
  82  7:46  Probe  
  82  7:51  Probe, Warp Prism (Chrono Boost)  
  84  7:53  Probe  
  84  7:57  Observer  
  84  7:58  Probe  
  88  7:59  Zealot x2  
  88  8:03  Gateway  
  88  8:05  Gateway  
  88  8:07  Zealot x4  
  88  8:08  Templar Archives  
  94  8:16  Assimilator, Shield Battery  
  94  8:20  Immortal (Chrono Boost)  
  94  8:21  Sentry x2  
  102  8:31  Zealot x4  
  98  8:44  Zealot x2  
  102  8:50  Gateway  
  100  8:56  Pylon, Zealot x3  
  100  8:57  Zealot  
  100  8:59  Immortal  
  104  9:07  Zealot x3  
  108  9:11  Pylon  
  106  9:18  Zealot x5  
  112  9:29  Stalker x3  
Show
View Real Time Build Order
Export as new Build Order

Seither Terran - Winner!

Build Orders:  

Get SALT Encoding   

  12  0:00  SCV  
  13  0:12  SCV  
  14  0:18  Supply Depot  
  14  0:24  SCV  
  15  0:40  SCV  
  15  0:41  Barracks  
  16  0:47  Refinery  
  16  0:52  SCV  
  17  0:57  Refinery  
  17  1:04  SCV  
  18  1:16  SCV  
  19  1:28  Reaper  
  19  1:29  Orbital Command  
  20  1:36  Supply Depot  
  20  1:48  Factory  
  20  1:59  SCV  
  20  2:00  Reaper  
  22  2:11  SCV  
  23  2:23  SCV  
  24  2:30  Supply Depot  
  24  2:34  Hellion  
  24  2:35  SCV, Starport  
  27  2:47  SCV  
  28  3:03  Command Center  
  28  3:04  Widow Mine  
  31  3:05  SCV  
  31  3:15  Medivac  
  31  3:19  Supply Depot  
  33  3:20  SCV  
  33  3:26  Widow Mine  
  36  3:32  SCV  
  36  3:33  Barracks Reactor  
  37  3:44  SCV  
  38  3:49  Starport Tech Lab  
  34  3:55  Factory Tech Lab  
  34  4:01  SCV, Barracks  
  35  4:05  Barracks  
  35  4:08  Raven  
  35  4:09  Marine x2  
  39  4:16  Orbital Command  
  39  4:19  Siege Tank  
  39  4:21  SCV  
  43  4:35  Marine x2  
  45  4:47  SCV  
  45  4:49  Orbital Command  
  46  4:56  Marine x2  
  46  4:59  SCV  
  49  5:02  Factory Reactor  
  49  5:03  Starport Reactor  
  49  5:05  Refinery  
  49  5:10  Stimpack, Marauder x2  
  52  5:17  SCV x2, Engineering Bay  
  52  5:20  Marine x2, Combat Shield  
  56  5:30  Supply Depot, SCV x2  
  58  5:39  Marauder x2  
  62  5:45  SCV  
  62  5:46  SCV  
  58  5:50  Marine x2  
  58  5:51  Widow Mine, Terran Infantry Weapons Level 1  
  62  5:58  Supply Depot  
  62  5:59  SCV x2  
  62  6:03  Refinery  
  64  6:05  Marauder  
  64  6:07  Marauder  
  68  6:11  Medivac  
  70  6:20  Marine, SCV x2, Medivac  
  70  6:23  Supply Depot  
  70  6:25  Supply Depot  
  75  6:27  Marine  
  75  6:29  Widow Mine  
  78  6:45  SCV x2, Widow Mine, Marauder x2  
  78  6:46  Supply Depot  
  86  6:47  Concussive Shells  
  86  6:49  Supply Depot  
  86  6:54  Marine x2  
  86  6:57  Medivac x2  
  86  7:00  SCV  
  86  7:01  SCV  
  97  7:08  Marauder x2  
  97  7:11  Supply Depot  
  97  7:12  Supply Depot, SCV  
  97  7:13  SCV  
  98  7:21  Marine  
  98  7:25  SCV x2  
  98  7:29  Marauder x2  
  97  7:37  SCV x2  
  97  7:42  Marine  
  95  7:48  Command Center  
  95  7:51  Marine, Marauder x2  
  97  7:52  Widow Mine x2  
  97  7:53  SCV x2  
  101  8:09  Medivac x2  
  101  8:12  SCV x2  
  107  8:13  Barracks  
  107  8:14  Barracks  
  107  8:15  Widow Mine  
  109  8:31  Marine, Marauder x2  
  109  8:32  Widow Mine  
  113  8:35  SCV x2  
  113  8:36  Widow Mine  
  112  8:49  Armory, Liberator  
  112  8:50  Engineering Bay, Liberator  
  112  8:53  SCV, Widow Mine  
  112  8:54  SCV  
  122  8:58  Widow Mine  
  122  9:01  Marine x2, Orbital Command  
  122  9:02  Barracks Tech Lab  
  124  9:03  Barracks Reactor  
  124  9:05  SCV  
  124  9:06  SCV  
  124  9:09  Marauder x2  
  122  9:17  SCV  
  122  9:19  Marine x2  
  122  9:23  Armory  
  116  9:34  Marine x2  
  116  9:35  Marauder  

Tags
 
Add a new tag
Caveats
  • Supply blocks, unpowered buildings, or Contaminate may cause inaccurate times.
  • Supply counts are checked every 10 seconds.